 Dungeon Crawl Stone Soup version 0.26.0-10-g1f06aea511 (webtiles) character file.

Game seed: 7848953124157198488

11 Goblin1989 the Sneak (level 2, 0/24 HPs)
             Began as a Demonspawn Delver on Jan 23, 2021.
             Was an Initiate of Trog.
             Succumbed to an adder's poison
             ... on level 2 of the Dungeon.
             The game lasted 00:03:14 (586 turns).

Goblin1989 the Sneak (Demonspawn Delver)             Turns: 586, Time: 00:03:15

Health: 0/24       AC: 10    Str: 12    XL:     2   Next: 13%
Magic:  2/2        EV: 12    Int: 11    God:    Trog [......]
Gold:   24         SH:  0    Dex: 14    Spells: 1/1 levels left

rFire    . . .     SeeInvis .   N - +1 flail (protect)
rCold    . . .     Faith    .   (no shield)
rNeg     . . .     Spirit   .   b - +0 leather armour
rPois    .         Reflect  .   (no helmet)
rElec    .         Harm     .   (no cloak)
rCorr    .         Rampage  .   (no gloves)
Will     .....                  (no boots)
Stlth    ++........             (no amulet)
HPRegen  0.08/turn              (no ring)
MPRegen  0.08/turn              (no ring)

@: brilliant, lethally poisoned (0 -> -16), protection aura
A: demonic guardian 1
a: Renounce Religion


You were on level 2 of the Dungeon.
You worshipped Trog.
Trog was noncommittal.
You visited 1 branch of the dungeon, and saw 5 of its levels.

You collected 24 gold pieces.

Inventory:

Hand Weapons
 a - a +0 mace
 N - a +1 flail of protection (weapon)
Missiles
 O - 10 poisoned darts (quivered)
 T - 33 stones {@Q3}
Armour
 b - a +0 leather armour (worn)
Wands
 g - a wand of digging (3) {@v1}
Scrolls
 c - 2 scrolls of fog
 e - a scroll of fear
 M - 2 scrolls of magic mapping
 P - a scroll of immolation {unknown}
 Q - a scroll of blinking {unknown}
 R - 2 scrolls of random uselessness {unknown}
Potions
 f - a potion of haste {@q3,}


   Skills:
 - Level 3.0 Fighting
 + Level 2.4 Maces & Flails
 + Level 0.6 Throwing
 - Level 1.7 Dodging
 - Level 4.5 Stealth


You had one spell level left.
You didn't know any spells.
Your spell library was empty.

Dungeon Overview and Level Annotations

Branches:
Dungeon (5/15)
 Temple: D:4-7

Altars:
Trog


Innate Abilities, Weirdness & Mutations

A weak demonic guardian rushes to your aid.


Message History

Found a scroll labelled KIELAXUNKARAL.
There is a stone staircase leading down here.
R - 2 scrolls labelled KIELAXUNKARAL (gained 1)
You open the door.
Found an escape hatch in the floor.
There is an open door here.
There is an escape hatch in the floor here.
You open the door.
There is an open door here.
Done exploring.
Done exploring.
Done exploring.
There is an open door here.
There is an escape hatch in the floor here.
There is an open door here.
There is a stone staircase leading down here.
You climb downwards.
There is a stone staircase leading up here.
A frilled lizard comes into view.
The frilled lizard hisses angrily.
You hear an angry hiss.
An adder comes into view.
Found 2 scrolls labelled PAHINU USAUTS and 5 gold pieces.
You start waiting.
An adder is nearby!
The adder bites you but does no damage.
You closely miss the adder. The adder bites you. x2
You are poisoned.
The adder poisons you!
You take 8 damage, and have 16/24 hp.
MASSIVE DAMAGE!!
You miss the adder.
You feel sick. The adder bites you but does no damage.
You take 1 damage, and have 15/24 hp.
You completely miss the adder. The adder closely misses you.
The frilled lizard bites you but does no damage.
The adder bites you but does no damage.
You miss the adder.
You feel sick.
The frilled lizard bites you but does no damage.
The adder bites you.
You are more poisoned.
The adder poisons you! The adder barely misses you.
The frilled lizard closely misses you.
You take 2 damage, and have 13/24 hp.
You are too injured to fight recklessly!
You are too injured to fight recklessly!
You are too injured to fight recklessly!
You are too injured to fight recklessly!
You are too injured to fight recklessly!
You are too injured to fight recklessly!
You are too injured to fight recklessly!
You are too injured to fight recklessly!
You are too injured to fight recklessly!
You are too injured to fight recklessly!
You are too injured to fight recklessly!
You are too injured to fight recklessly!
You are too injured to fight recklessly!
You are too injured to fight recklessly!
You are too injured to fight recklessly!
You are too injured to fight recklessly!
You are too injured to fight recklessly!
You are too injured to fight recklessly!
You closely miss the adder.
You feel sick. The adder bites you. The frilled lizard closely misses you.
You take 1 damage, and have 12/24 hp.
You hit the adder.
Your weapon exudes an aura of protection.
The adder is moderately wounded.
You feel sick. The adder bites you.
* * * LOW HITPOINT WARNING * * *
You are more poisoned.
The adder poisons you!
The frilled lizard bites you but does no damage.
The adder closely misses you.
You take 4 damage, and have 8/24 hp.
You miss the adder.
The adder is moderately wounded.
* * * LOW HITPOINT WARNING * * *
You feel sick. The adder closely misses you.
The frilled lizard closely misses you. The adder bites you but does no damage.
The frilled lizard barely misses you.
You take 1 damage, and have 7/24 hp.
Okay, then.
It was a potion of brilliance.
You feel clever all of a sudden.
* * * LOW HITPOINT WARNING * * *
You feel sick. The adder closely misses you.
The frilled lizard bites you but does no damage.
You take 1 damage, and have 6/24 hp.
Unknown command.
You barely miss the adder.
The adder is moderately wounded.
* * * LOW HITPOINT WARNING * * *
You feel sick. The adder bites you.
* * * LOW HITPOINT WARNING * * *
You are more poisoned.
The adder poisons you! The frilled lizard closely misses you.
The adder closely misses you.
You take 4 damage, and have 2/24 hp.
You hit the adder.
Your weapon exudes an aura of protection.
The adder is almost dead.
You die...

....█...................█ █......
█████...................█ █......
██......................███......
██.████..........................
.................................
..........................█......
................<...>.....█......
..........██..............█......
........████.██.@l.......████████
.████........████S..█..........
.█ ...██......█......███..███ .█
.███..............█ █.█
█................. ...
█....>lS...............
█...............██████.
.................█
....................


You could see an adder and a frilled lizard.

Vanquished Creatures
  A bat (D:2)
  A giant cockroach (D:3)
  A goblin (D:2)
  A hobgoblin (D:3)
  3 jackals (D:4)
  A frilled lizard (D:2)
  A kobold (D:2)
9 creatures vanquished.

Notes
Turn   | Place    | Note
-------+----------+-------------------------------------------
     0 | D:5      | Goblin1989 the Demonspawn Delver began the quest for the
                  | Orb.
     0 | D:5      | Reached XP level 1. HP: 18/18 MP: 1/1
    19 | D:4      | Noticed a worker ant
   360 | D:2      | Found a bloodstained altar of Trog.
   366 | D:2      | Became a worshipper of Trog the Wrathful
   371 | D:2      | Gained mutation: A weak demonic guardian rushes to your
                  | aid. [demonic ancestry]
   371 | D:2      | Reached XP level 2. HP: 24/24 MP: 2/2
   586 | D:2      | Succumbed to an adder's poison

Illustrated notes

Levels and vault maps discovered:
D:1:      dpeg_arrival_connections, layout_loops_cross
D:2:      layout_rooms, bloody_trog
D:3:      layout_rooms, corexii_item_surrounded_by_moat, kennysheep_cross_room
D:4:      layout_loops_ring, xom_teletrap_fun, minivault_26
D:5:      layout_cave_pools, basic_altar, minmay_gold_behind_fungi,
          bloody_makhleb

Skill      XL: |  1 |
---------------+----+-----
Maces & Flails | 2 |  2.4
Fighting       | |  3.0
Throwing       | |  0.6
Dodging        | |  1.7
Stealth        | |  4.5

Action                   || total
-------------------------++-------
Melee: Flail             ||    32
       Mace              ||    12
  Use: Potion            ||     1
 Stab: Sleeping          ||     2
Armor: Leather armour    ||    16
Dodge: Dodged            ||    42
